 Dungeon Crawl Stone Soup version 0.29-a0-700-g2f1814c7b2 (webtiles) character file.

Game seed: 4711706428361603573

381 gobodom the Conjurer (level 6, -1/42 HPs)
             Began as a Demonspawn Conjurer on June 25, 2022.
             Slain by a bullfrog (3 damage)
             ... in a sewer.
             The game lasted 00:11:51 (3284 turns).

gobodom the Conjurer (Demonspawn Conjurer)          Turns: 3284, Time: 00:11:52

Health: -1/42      AC:  4    Str:  9    XL:     6   Next: 46%
Magic:  8/11       EV: 12    Int: 20    God:
Gold:   77         SH:  5    Dex: 11    Spells: 9/12 levels left

rFire   . . .      SeeInvis .   m - +0 dagger (venom)
rCold   . . .      Faith    .   (no shield)
rNeg    . . .      Spirit   .   l - +0 leather armour
rPois   .          Reflect  +   (no helmet)
rElec   .          Harm     .   j - +0 cloak
rCorr   .          Rampage  .   (no gloves)
Will    .....                   (no boots)
Stlth   +.........              g - amulet of reflection
HPRegen 0.14/turn               (no ring)
MPRegen 0.12/turn               (no ring)

@: lethally poisoned (-1 -> -4), very slow
A: ignite blood 2, powered by death 1, sturdy frame 1
a: no special abilities


You were in a sewer.
You visited 1 branch of the dungeon, and saw 3 of its levels.
You also visited: Sewer.

You collected 77 gold pieces.

Inventory:

Hand Weapons
 m - a +0 dagger of venom (weapon)
Missiles
 h - 4 silver javelins
 p - 5 curare-tipped darts
Armour
 j - a +0 cloak (worn)
 l - a +0 leather armour (worn)
Jewellery
 g - an amulet of reflection (around neck)
Scrolls
 a - a scroll of fog {unknown}
 e - 2 scrolls of identify {unknown}
 f - a scroll of poison {unknown}
 i - a scroll of immolation {unknown}
 k - 2 scrolls of noise {unknown}
 n - 2 scrolls of silence {unknown}
 o - 2 scrolls of blinking {unknown}
 r - a scroll of fear {unknown}
Potions
 b - 3 potions of attraction {unknown}
 c - a potion of lignification {unknown}
 d - a potion of curing
 q - a potion of ambrosia {unknown}
 s - 2 potions of heal wounds {unknown}
 t - a potion of mutation {unknown}


   Skills:
 + Level 0.6 Fighting
 + Level 2.7 Dodging
 + Level 2.2 Stealth
 + Level 0.8 Shields
 + Level 0.1 Unarmed Combat
 + Level 3.6 Spellcasting
 + Level 6.2 Conjurations


You had 9 spell levels left.
You knew the following spells:

 Your Spells              Type           Power      Damage    Failure   Level
a - Magic Dart            Conj           100%       1d8       1%          1
b - Searing Ray           Conj           56%        2d6       1%          2

Your spell library contained the following spells:

 Spells                   Type           Power      Damage    Failure   Level
 Dazzling Flash           Conj/Hex       32%        N/A       12%         3
 Slow                     Hex            12%        N/A       14%         1
 Ensorcelled Hibernation  Hex/Ice        6%         N/A       22%         2
 Fulminant Prism          Conj/Hex       8%         3d7       36%         4
 Iskenderun's Mystic Bla  Conj/Tloc      16%        2d5       36%         4
 Confusing Touch          Hex            3%         N/A       38%         3
 Spider Form              Tmut/Pois      3%         N/A       38%         3
 Vampiric Draining        Necr           3%         2d6       38%         3
 Anguish                  Hex/Necr       1%         N/A       80%         4


Dungeon Overview and Level Annotations

Branches:
Dungeon (3/15)              Sewer (1/1)

Altars:


Innate Abilities, Weirdness & Mutations

Your demonic aura often causes spilled blood to erupt in flames.
You regenerate a little health from kills.
Your movements are slightly less encumbered by armour. (ER -2)


Message History

The adder misses you. The adder barely misses you. The bullfrog hits you!
An adder comes into view.
The adder bites you but does no damage. The adder barely misses you.
The bullfrog closely misses you.
The adder barely misses you. x3; The adder closely misses you.
The adder barely misses you. The adder bites you.
The adder bites you but does no damage. You block the adder's attack.
The adder bites you. The adder bites you but does no damage.
The adder attacks as you move away! The adder bites you.
You enter the shallow water.
Moving in this stuff is going to be slow.
The adder is engulfed in a cloud of scalding steam.
The adder bites you.
You are poisoned.
The adder poisons you!
The adder is engulfed in a cloud of scalding steam.
The adder attacks as you move away! The adder bites you but does no damage.
The adder attacks as you move away! The adder bites you but does no damage.
You feel very sick.
The adder hisses angrily.
The frilled lizard hisses.
The adder is engulfed in blazing flames.
You kill the adder!
The adder closely misses you. You block the adder's attack.
The frilled lizard barely misses you. The adder bites you.
Your unstable footing causes you to fumble your attack.
You feel sick.
The frilled lizard bites you but does no damage.
The adder bites you but does no damage.
The bullfrog hits you but does no damage.
You barely miss the adder.
The adder is almost dead.
You feel sick. The bullfrog hits you.
* * * LOW HITPOINT WARNING * * *
The adder bites you.
* * * LOW HITPOINT WARNING * * *
The adder bites you but does no damage. The adder bites you.
* * * LOW HITPOINT WARNING * * *
The bullfrog hits you.
You die...

#####################
###.#≈≈≈≈≈≈≈≈≈≈≈≈≈≈≈...
##....≈≈≈≈F#S○.≈≈≈≈≈≈≈..
#....≈≈≈≈≈S@SS≈#≈≈≈≈≈...
#.....≈≈≈≈FSl≈≈≈≈≈≈≈≈...
##....≈≈≈≈≈≈≈S≈≈≈≈≈≈≈≈≈..
#.....#≈≈≈≈≈≈≈≈≈≈≈≈≈≈≈...
#....####################
##...#### #....#..#
#....'..# #.††#####


You could see 2 bullfrogs, 4 adders, 2 ball pythons and a frilled lizard.

Vanquished Creatures
  Sigmund (D:2)
  5 adders
  7 river rats (Sewer)
  4 dart slugs
  11 ball pythons
  3 bats
  8 endoplasms
  4 giant cockroaches
  8 goblins
  2 hobgoblins (D:2)
  3 jackals (D:2)
  9 quokkas
  2 frilled lizards
  5 kobolds
  28 rats
100 creatures vanquished.

Notes
Turn   | Place    | Note
-------+----------+-------------------------------------------
     0 | D:1      | gobodom the Demonspawn Conjurer began the quest for the
                  | Orb.
     0 | D:1      | Reached XP level 1. HP: 13/13 MP: 3/3
   462 | D:1      | Gained mutation: Your movements are slightly less
                  | encumbered by armour. (ER -2) [demonic ancestry]
   462 | D:1      | Reached XP level 2. HP: 19/19 MP: 1/5
   915 | D:1      | Found a faded altar of an unknown god.
  1304 | D:2      | Gained mutation: Your demonic aura sometimes causes spilled
                  | blood to erupt in flames. [demonic ancestry]
  1304 | D:2      | Reached XP level 3. HP: 24/24 MP: 2/6
  1554 | D:2      | Noticed Sigmund
  1559 | D:2      | Learned a level 2 spell: Searing Ray
  1573 | D:2      | Killed Sigmund
  1574 | D:2      | Reached skill level 5 in Conjurations
  1574 | D:2      | Gained mutation: Your demonic aura often causes spilled
                  | blood to erupt in flames. [demonic ancestry]
  1574 | D:2      | Reached XP level 4. HP: 11/30 MP: 2/8
  1574 | D:2      | Reached XP level 5. HP: 12/35 MP: 2/9
  2262 | D:2      | Reached skill level 6 in Conjurations
  2490 | D:3      | Found a glowing drain.
  2527 | Sewer    | Entered a sewer
  2710 | Sewer    | Gained mutation: You regenerate a little health from kills.
                  | [demonic ancestry]
  2710 | Sewer    | Reached XP level 6. HP: 41/41 MP: 4/11
  3284 | Sewer    | HP: 2/42 [adder (2)]
  3284 | Sewer    | Slain by a bullfrog

Illustrated notes

Levels and vault maps discovered:
D:1:      amcnicky_arrival_choice, layout_loops_ring,
          shapermc_ecumenical_altar_ellora, amcnicky_mini_corridor_feature,
          roderic_nine_men_s_morris
D:2:      layout_basic, hangedman_decor_peaks_small, uniq_sigmund
D:3:      layout_rooms, gup_sewer_entry_pipe, minmay_gold_behind_fungi,
          uniq_ijyb
Sewer:    sewer_minmay_w

Skill      XL: |  1  2  3  4  5 |
---------------+----------------+-----
Dodging        | 2 |  2.7
Stealth        | 2 |  2.2
Spellcasting   | 3 |  3.6
Conjurations   | 5 6 |  6.2
Fighting       | |  0.6
Shields        | |  0.8
Unarmed Combat | |  0.1

Action                   |  1- 3 |  4- 6 || total
-------------------------+-------+-------++-------
Melee: Unarmed           |    13 |       ||    13
       Dagger            |    11 |    82 ||    93
       Punch             |       |     1 ||     1
 Cast: Magic Dart        |    57 |   110 ||   167
       Searing Ray       |     2 |       ||     2
  Use: Potion            |     1 |       ||     1
Armor: Robe              |     6 |       ||     6
       Leather armour    |     6 |    40 ||    46
Dodge: Dodged            |    18 |    78 ||    96
Block: Other             |     1 |    27 ||    28

Table legend: (Time is in decaauts)
 A = Elapsed time spent in this place.
 B = Non-inter-level travel time spent in this place.
 C = Inter-level travel time spent in this place.
 D = Time resting spent in this place.
 E = Time spent auto-exploring this place.
 F = Levels seen in this place.
 G = Mean time per level.
                   A        B        C        D        E       F      G
               +--------+--------+--------+--------+--------+-----+--------+
         Total |   3322 |   3322 |      0 |    179 |   2412 |   4 |  830.5 |
       Dungeon |   2530 |   2530 |      0 |      0 |   2012 |   3 |  843.3 |
         Sewer |    792 |    792 |      0 |    179 |    400 |   1 |  792.0 |
               +--------+--------+--------+--------+--------+-----+--------+

Top non-repeatable levels by time:
     D:1: 1299 daAuts
     D:2: 1149 daAuts
   Sewer: 792 daAuts
     D:3: 81 daAuts
